 Dungeon Crawl Stone Soup version 0.23.2-40-g277498a001 (webtiles) character file.

Game seed: 15455682641501189691

156 Martska the Ducker (level 5, -3/40 HPs)
             Began as a Merfolk Ice Elementalist on Oct 1, 2019.
             Slain by a phantom (9 damage)
             ... on level 4 of the Dungeon.
             The game lasted 00:13:20 (4441 turns).

Martska the Ducker (Merfolk Ice Elementalist)       Turns: 4441, Time: 00:13:21

Health: -3/40      AC:  3    Str:  8    XL:     5   Next: 38%
Magic:  2/8        EV: 13    Int: 15    God:
Gold:   152        SH:  0    Dex: 15    Spells: 2/8 levels left

rFire    . . .     SeeInvis .   f - +0 short sword
rCold    . . .     Gourm    .   (no shield)
rNeg     . . .     Faith    .   g - +0 leather armour
rPois    .         Spirit   .   (no helmet)
rElec    .         Reflect  .   (no cloak)
rCorr    .         Harm     .   (no gloves)
MR       .....                  (no boots)
Stlth    +++.......             (no amulet)
HPRegen  0.13/turn              m - ring of stealth
MPRegen  0.11/turn              (no ring)

@: very slightly contaminated
A: change form in water, swift swim, stealthy swim
a: no special abilities


You were on level 4 of the Dungeon.
You were not hungry.

You visited 1 branch of the dungeon, and saw 6 of its levels.

You collected 152 gold pieces.

Inventory:

Hand Weapons
 e - a +0 club
 f - a +0 short sword (weapon)
Armour
 a - a +0 robe
 g - a +0 leather armour (worn)
Jewellery
 m - a ring of stealth (left hand)
Wands
 q - a wand of acid (5)
Scrolls
 b - 4 scrolls of remove curse {unknown}
 k - a scroll of magic mapping {unknown}
 l - a scroll of amnesia {unknown}
 n - 2 scrolls of enchant armour {unknown}
 r - a scroll of fog {unknown}
 s - a scroll of identify {unknown}
 w - a scroll of teleportation {unknown}
Potions
 d - a potion of berserk rage {unknown}
 i - 2 potions of brilliance {unknown}
 j - 2 potions of ambrosia {unknown}
 o - 2 potions of mutation {unknown}
 t - a potion of cancellation {unknown}
 u - a potion of flight {unknown}
 v - a potion of heal wounds
Comestibles
 c - 2 rations


   Skills:
 * Level 2.8 Fighting
 * Level 4.3 Dodging
 + Level 2.9 Stealth
 + Level 2.4 Spellcasting
 - Level 0.7 Conjurations
 + Level 1.3 Charms
 + Level 3.7 Ice Magic


You had 2 spell levels left.
You knew the following spells:

 Your Spells              Type           Power        Failure   Level  Hunger
a - Freeze                Ice            ##..         7%          1    #......
b - Throw Frost           Conj/Ice       #.....       19%         2    ###....
c - Ozocubu's Armour      Chrm/Ice       #.......     32%         3    ###....

Your spell library contained the following spells:

 Spells                   Type           Power        Failure   Level  Hunger
 Throw Icicle             Conj/Ice       #.......     77%         4    #####..
 Summon Ice Beast         Ice/Summ       #.......     82%         4    #####..


Dungeon Overview and Level Annotations

Branches:
Dungeon (6/15)             Temple (0/1) D:5

Altars:

Shops:
D:5 }

Annotations:
D:5 Blork the orc, Sigmund


Message History

You hit the phantom.
The phantom is heavily damaged.
The phantom hits you.
You hit the phantom.
The phantom is heavily damaged.
The phantom closely misses you.
You closely miss the phantom.
The phantom is heavily damaged.
The phantom hits you.
* * * LOW HITPOINT WARNING * * *
The phantom blinks!
You barely miss the phantom.
The phantom is heavily damaged.
The phantom barely misses you.
You hit the phantom but do no damage.
The phantom is heavily damaged.
The phantom hits you.
* * * LOW HITPOINT WARNING * * *
The phantom hits you!
You die...

............ .
............ ##.
......###o.. #..
#....o...
#.###########'##..
#.#............#..
#.+............##.
#W#..≈≈≈≈≈≈≈≈..###
#@#..≈......≈..#
#.#..≈.≈≈≈≈.≈..#
#.#..≈.≈)#≈.≈o.###
#.#..≈.≈.≈≈.≈..#.#
#.#..≈.≈....≈..#.#
#.#..≈.≈≈≈≈≈≈..#.#
#.#.W≈.........'.#
#.#............###
#.##'###########


You could see a phantom.

Vanquished Creatures
  2 worker ants
  2 adders (D:2)
  4 oozes
  An adder skeleton (D:2)
  A worm (D:2)
  4 leopard geckos
  3 ball pythons
  3 bats
  4 giant cockroaches
  12 goblins
  4 hobgoblins
  3 jackals (D:4)
  8 kobolds
  3 quokkas
  4 frilled lizards
  5 rats
63 creatures vanquished.

Notes
Turn   | Place    | Note
-------+----------+-------------------------------------------
     0 | D:1      | Martska the Merfolk Ice Elementalist began the quest for
                  | the Orb.
     0 | D:1      | Reached XP level 1. HP: 13/13 MP: 3/3
   178 | D:1      | Reached skill level 1 in Fighting
   178 | D:1      | Reached skill level 3 in Dodging
   178 | D:1      | Reached XP level 2. HP: 7/21 MP: 0/5
   675 | D:1      | Learned a level 2 spell: Throw Frost
   750 | D:1      | Reached XP level 3. HP: 22/26 MP: 6/6
   947 | D:1      | You fall through a shaft!
  1379 | D:2      | Found a faded altar of an unknown god.
  1888 | D:2      | Learned a level 3 spell: Ozocubu's Armour
  2108 | D:2      | Reached XP level 4. HP: 32/33 MP: 7/7
  3015 | D:3      | You fall through a shaft for 3 floors!
  3098 | D:5      | Entered Level 5 of the Dungeon
  3112 | D:5      | Noticed Blork the orc
  3117 | D:5      | Reached skill level 4 in Dodging
  3174 | D:5      | Found a staircase to the Ecumenical Temple.
  3190 | D:5      | Noticed Sigmund
  3233 | D:5      | Found Yteroteg's Gadget Boutique.
  3244 | D:5      | Reached XP level 5. HP: 29/39 MP: 0/8
  3502 | D:5      | Reached skill level 1 in Charms
  3877 | D:4      | HP: 2/60 [poisoned by a worker ant]
  3884 | D:4      | HP: 2/60 [poisoned by a worker ant]
  4300 | D:4      | Noticed a phantom
  4441 | D:4      | Slain by a phantom

Skill      XL: |  1  2  3  4  5 |
---------------+----------------+-----
Fighting       | 1 2 |  2.8
Dodging        | 3 4 |  4.3
Charms         | 1 |  1.3
Stealth        | |  2.9
Spellcasting   | |  2.4
Conjurations   | |  0.7
Ice Magic      | |  3.7

Action                   |  1- 3 |  4- 6 || total
-------------------------+-------+-------++-------
Melee: Unarmed           |     4 |       ||     4
       Club              |    15 |       ||    15
       Short sword       |    80 |   107 ||   187
       Tailslap          |       |     3 ||     3
 Cast: Freeze            |    32 |    40 ||    72
       Throw Frost       |       |    10 ||    10
  Use: Potion            |       |     3 ||     3
 Stab: Sleeping          |     4 |     3 ||     7
  Eat: Ration            |     1 |     3 ||     4
       Chunk             |     1 |       ||     1
Armor: Robe              |     5 |       ||     5
       Leather armour    |    20 |    20 ||    40
       Skin              |       |    14 ||    14
Dodge: Dodged            |    99 |   110 ||   209
